[Event "7th Uppsala Young Champions"]
[Site "Uppsala"]
[Date "2020.10.24"]
[Round "2.11"]
[White "Crevatin, Leo"]
[Black "Kruckenhauser, Arthur"]
[Result "1/2-1/2"]
[ECO "E44"]
[WhiteElo "2181"]
[BlackElo "2301"]
[Annotator "RC"]
[PlyCount "93"]
[EventDate "2020.10.23"]
[EventType "swiss"]
[EventCountry "SWE"]
[SourceTitle "playchess.com"]
[Source "ChessBase"]
[SourceQuality "1"]
[TimeControl "5400+30"]

1. d4 Nf6 2. c4 e6 3. Nc3 Bb4 4. e3 b6 5. Nge2 Bb7 6. a3 Be7 7. d5 O-O 8. Ng3 Re8 9. Be2 c6 10. e4 cxd5 11. exd5 Bf8 12. O-O d6 13. Bg5 Nbd7 14. dxe6 fxe6 15. Bh5 g6 16. Bf3 Qc8 17. Rc1 Be7 18. Re1 Bxf3 19. Qxf3 Rf8 20. Qe2 e5 21. Rcd1 Rf7 22. Bxf6 Nxf6 23. Nd5 Qc6 24. Nxf6+ Rxf6 25. Ne4 Rf4 26. f3 Rd8 27. Qd3 g5 28. h3 Kg7 29. Qd5 Qc8 30. b4 Qf5 31. Ng3 Qf7 32. Qxf7+ Kxf7 33. Ne4 Ke6 34. Kf2 h5 35. g3 Rf7 36. Ke2 Rc8 37. Rc1 Rff8 38. b5 Rc7 39. Rc3 Rfc8 40. Rec1 Rg8 41. Nf2 Rd7 42. Rd3 Rc8 43. Nd1 Kf7 44. Ne3 Ke6 45. Nd5 Bf8 46. a4 Bh6 47. Ne3 1/2-1/2

[Event "7th Uppsala Young Champions"]
[Site "Uppsala"]
[Date "2020.10.24"]
[Round "3.14"]
[White "Ostlund, Joar"]
[Black "Muetsch, Annmarie"]
[Result "*"]
[ECO "E94"]
[WhiteElo "2106"]
[BlackElo "2226"]
[Annotator "RC"]
[PlyCount "41"]
[EventDate "2020.10.23"]
[EventType "swiss"]
[EventCountry "SWE"]
[SourceTitle "playchess.com"]
[Source "ChessBase"]
[SourceQuality "1"]
[TimeControl "5400+30"]

1. d4 Nf6 2. c4 g6 3. Nc3 Bg7 4. e4 d6 5. Nf3 O-O 6. Be2 e5 7. O-O Na6 8. dxe5 dxe5 9. Be3 c6 10. a3 Qe7 11. Qc2 Ng4 12. Bg5 f6 13. Bd2 Nc5 14. h3 Nh6 15. b4 Ne6 16. c5 g5 17. Bc4 Kh8 18. Rad1 Qe8 19. Ne2 Nf4 20. Bc1 Qg6 21. Rd6 *

[Event "7th Uppsala Young Champions"]
[Site "Uppsala"]
[Date "2020.10.25"]
[Round "4.19"]
[White "Grahn, Vidar"]
[Black "Skahlberg Bjerknes-Lima de Far, Warg"]
[Result "1/2-1/2"]
[ECO "B35"]
[WhiteElo "1864"]
[BlackElo "1759"]
[Annotator "NA RC"]
[PlyCount "145"]
[EventDate "2020.10.23"]
[EventType "swiss"]
[EventCountry "SWE"]
[SourceTitle "playchess.com"]
[Source "ChessBase"]
[SourceQuality "1"]
[TimeControl "5400+30"]

1. e4 c5 2. Nf3 g6 3. d4 cxd4 4. Nxd4 Nc6 5. Nc3 Bg7 6. Be3 Nf6 7. Bc4 Qa5 8. O-O O-O 9. Bb3 d6 10. f3 Bd7 11. Qd2 Rfc8 12. Rad1 Ne5 {[%emt 0:09:11] B35: Sicilian: Accelerated Dragon with 5 Nc3: main line.} 13. Bh6 {[%emt 0:18:19] [#]} Qd8 $146 ({Predecessor:} 13... Nc4 14. Bxc4 Bxh6 15. Qxh6 Rxc4 16. Nb3 Qb6+ 17. Kh1 a5 18. Rfe1 Bc6 19. Nd2 Rc5 20. Nb3 {½-½ (41) Gdanski,J (2530)-Vezzosi,P (2392) Cappelle-la-Grande 2002}) 14. Bxg7 Kxg7 15. Qe2 a6 16. Nd5 Nxd5 17. Bxd5 Rab8 18. h3 Qb6 19. Kh1 Qxb2 20. f4 Nc6 21. Bxc6 Bxc6 22. f5 {[%emt 0:00:59] [#]} Bb5 $1 {[%emt 0:04:05] Skewer} ({Don't play} 22... Qxa2 $6 23. e5 $15) 23. Nxb5 Qxb5 24. Qf2 Qc5 (24... f6 $19 25. Rd5 Qe8) 25. Qf3 f6 26. h4 Qxc2 27. fxg6 hxg6 {[%emt 0:02:08] [#]} (27... Rc4 $19 {has better winning chances.} 28. gxh7 Qxe4) 28. e5 $1 Qf5 (28... f5 $17 29. exd6 Rc4) 29. exf6+ exf6 30. Qg3 Qe5 31. Qf2 Re8 32. Rde1 Qc3 33. Rc1 Qe5 34. Qa7 Qe7 35. Qd4 Rbc8 36. Rce1 Qf7 37. Rb1 (37. Rxe8 $17 Rxe8 38. Qxd6) 37... Rc4 38. Qf2 b5 39. Rbd1 Re6 40. g3 Rce4 41. Qb6 d5 42. Qd8 d4 43. Rxd4 Re2 44. Rd7 Re7 45. Rfd1 Kh6 46. Qh8+ Qh7 47. Qxf6 Qg7 48. Qg5+ Kh7 49. Qg4 Qf6 $2 ({Don't go for} 49... Rxa2 $2 50. Rxe7 Qxe7 {[#]} 51. Rd7 $1 $18 ) (49... R2e4 $11 50. Rxe7 Rxg4 51. Rxg7+ Kxg7 52. Rd7+ Kh6) 50. Rxe7+ $2 (50. Qxe2 $1 $18 Qc6+ 51. Qg2 Qxd7 52. Rxd7 Rxd7 {[#]} 53. Qc6 $1 ) 50... Rxe7 (50... Qxe7 $2 {is the wrong capture.} 51. Rd7 $18) 51. h5 gxh5 52. Qxh5+ Kg7 53. Qg4+ Qg6 54. Qxg6+ Kxg6 55. Rd6+ Kg5 56. Rxa6 Re5 57. Kg2 Kg4 58. Kf2 Rf5+ 59. Ke3 Kxg3 60. Kd4 Kf3 61. Kc3 Ke4 62. Kb4 Kd3 $11 63. Ra5 Rf4+ 64. Kxb5 Rf5+ 65. Kb6 Rxa5 66. Kxa5 Kc4 67. a4 Kc5 68. Ka6 Kc6 69. a5 Kc7 70. Ka7 Kc8 71. a6 Kc7 72. Ka8 Kc8 73. a7 1/2-1/2

[Event "7th Uppsala Young Champions"]
[Site "Uppsala"]
[Date "2020.10.25"]
[Round "4.20"]
[White "Buchert, Matthaus"]
[Black "Ostensson, Julia"]
[Result "0-1"]
[ECO "B23"]
[WhiteElo "1427"]
[BlackElo "1562"]
[Annotator "NA RC"]
[PlyCount "126"]
[EventDate "2020.10.23"]
[EventType "swiss"]
[EventCountry "SWE"]
[SourceTitle "playchess.com"]
[Source "ChessBase"]
[SourceQuality "1"]
[TimeControl "5400+30"]

1. e4 c5 2. Nc3 Nc6 3. f4 g6 4. Nf3 Bg7 5. Bb5 Nd4 6. O-O Nxb5 7. Nxb5 a6 8. Nc3 d6 9. d3 Nf6 10. Qe1 O-O 11. Qh4 b5 12. f5 b4 13. Ne2 Qd7 14. Bh6 Bb7 15. Ng5 e5 16. Bxg7 Kxg7 17. fxg6 hxg6 18. Rxf6 Kxf6 19. Rf1+ Ke7 20. Nh7+ f6 21. Nxf8 Rxf8 22. b3 Qe6 23. Qh7+ Qf7 24. Qxf7+ Rxf7 25. g4 d5 26. Ng3 a5 27. h4 dxe4 28. Nxe4 Bxe4 29. dxe4 Rh7 30. g5 Rxh4 31. gxf6+ Kf7 32. Re1 Kxf6 33. Kg2 Kg5 34. Kg3 Rg4+ 35. Kf3 Rf4+ 36. Kg3 Kf6 37. Kg2 g5 38. Kg3 Ke6 39. Kg2 Rg4+ 40. Kf3 Rf4+ 41. Kg2 Kf6 42. Kg3 Kg6 43. Kg2 g4 44. Re2 Kg5 45. Re3 Kh4 46. Re1 Kg5 47. Re3 Kh4 48. Re1 g3 49. Re2 Kg4 50. Rd2 Rxe4 51. Rd5 Re2+ 52. Kf1 Kf3 53. Rd3+ Re3 54. Rd2 e4 55. Rg2 Re1+ 56. Kxe1 Kxg2 57. c4 Kh2 58. a4 g2 59. Kd1 g1=Q+ 60. Kc2 Qf2+ 61. Kb1 e3 62. Ka1 e2 63. Kb1 e1=Q# 0-1

[Event "7th Uppsala Young Champions"]
[Site "Uppsala"]
[Date "2020.10.26"]
[Round "5.11"]
[White "Nilsson, Joakim"]
[Black "Frank, Adam"]
[Result "0-1"]
[ECO "E70"]
[WhiteElo "2224"]
[BlackElo "2129"]
[Annotator "RC"]
[PlyCount "178"]
[EventDate "2020.10.23"]
[EventType "swiss"]
[EventCountry "SWE"]
[SourceTitle "playchess.com"]
[Source "ChessBase"]
[SourceQuality "1"]
[TimeControl "5400+30"]

1. d4 Nf6 2. c4 g6 3. Nc3 Bg7 4. e4 d6 5. Bd3 O-O 6. Nge2 Nc6 7. O-O Nd7 8. Be3 e5 9. d5 Nd4 10. f4 Nxe2+ 11. Bxe2 exf4 12. Bxf4 h6 13. Qd2 Kh7 14. Rae1 Ne5 15. Kh1 Qe7 16. b3 Bd7 17. Nb5 a6 18. Nd4 c5 19. Nf3 b5 20. Nxe5 Bxe5 21. Bxe5 Qxe5 22. Rf4 Rae8 23. Ref1 Kg7 24. Bd3 b4 25. Qf2 Re7 26. h3 a5 27. Bc2 f6 28. Rf3 Ref7 29. Re3 Ra8 30. a4 bxa3 31. Qe1 Qd4 32. Rd3 Qb2 33. Qc3 a4 34. Rb1 Qxc3 35. Rxc3 axb3 36. Bxb3 Be8 37. Ba2 Re7 38. Rbb3 Rxe4 39. Rxa3 Rxa3 40. Rxa3 Re1+ 41. Kh2 Ra1 42. Re3 Kf7 43. Re2 Bd7 44. Rb2 f5 45. Rb7 Ke8 46. Bb1 Ra4 47. Bd3 Rb4 48. Ra7 Rb3 49. Be2 Rb2 50. Bf1 f4 51. Ra3 Bf5 52. Kg1 Ke7 53. Ra8 Kf6 54. Re8 Ra2 55. Rh8 h5 56. Re8 Ra7 57. h4 Re7 58. Rd8 Ke5 59. Kf2 Rd7 60. Re8+ Kd4 61. Rf8 Ra7 62. Rd8 Ra2+ 63. Kg1 Ra1 64. Kf2 Ra2+ 65. Kg1 Ra6 66. Rf8 Ke3 67. Rb8 Ra1 68. Rb3+ Kd4 69. Kf2 Ra2+ 70. Kg1 Rd2 71. Rf3 Ke4 72. Rb3 Kd4 73. Rf3 Ke5 74. Rb3 Be4 75. Ra3 Bf5 76. Rb3 Be4 77. Ra3 Kd4 78. Ra6 Bd3 79. Bxd3 Kxd3 80. Rxd6 Kxc4 81. Rxg6 Rxd5 82. Kf2 Kd3 83. Rg5 Ke4 84. Rg8 c4 85. Rc8 Kd3 86. Kf3 Rd4 87. g4 fxg3 88. Kxg3 c3 89. Kf3 c2 0-1

[Event "7th Uppsala Young Champions"]
[Site "Uppsala"]
[Date "2020.10.26"]
[Round "5.13"]
[White "Nilssen, Ellen Fredericia"]
[Black "Trost, Edvin"]
[Result "0-1"]
[ECO "E73"]
[WhiteElo "2209"]
[BlackElo "2202"]
[Annotator "RC"]
[PlyCount "82"]
[EventDate "2020.10.23"]
[EventType "swiss"]
[EventCountry "SWE"]
[SourceTitle "playchess.com"]
[Source "ChessBase"]
[SourceQuality "1"]
[TimeControl "5400+30"]

1. d4 Nf6 2. c4 g6 3. Nc3 Bg7 4. e4 d6 5. Be2 O-O 6. Bg5 Na6 7. Qd2 e5 8. d5 Qe8 9. Bd1 Nh5 10. Nge2 f5 11. exf5 gxf5 12. Bc2 Nb4 13. Bb1 e4 14. a3 Nd3+ 15. Bxd3 exd3 16. Qxd3 f4 17. f3 Bf5 18. Qd2 Qg6 19. g4 Qxg5 20. h4 Qg6 21. gxf5 Qg2 22. O-O-O Qxf3 23. Rdf1 Qe3 24. Qxe3 fxe3 25. Rhg1 Kh8 26. Nb5 Rf7 27. Nbd4 c6 28. dxc6 Rc8 29. Ne6 Rxc6 30. b3 Rc8 31. Rg5 Nf6 32. Nxg7 Rxg7 33. Nc3 d5 34. Rd1 dxc4 35. bxc4 Rgc7 36. Nb5 Rxc4+ 37. Kb1 e2 38. Rdg1 Rc1+ 39. Kb2 e1=Q 40. Rxe1 Rxe1 41. Nd6 Rf8 0-1

[Event "7th Uppsala Young Champions"]
[Site "Uppsala"]
[Date "2020.10.26"]
[Round "5.15"]
[White "Stalmach, Richard"]
[Black "Olsson, William"]
[Result "0-1"]
[ECO "D45"]
[WhiteElo "2296"]
[BlackElo "2192"]
[Annotator "RC"]
[PlyCount "114"]
[EventDate "2020.10.23"]
[EventType "swiss"]
[EventCountry "SWE"]
[SourceTitle "playchess.com"]
[Source "ChessBase"]
[SourceQuality "1"]
[TimeControl "5400+30"]

1. d4 d5 2. c4 e6 3. Nc3 c6 4. e3 Nf6 5. Nf3 Nbd7 6. Qc2 Bd6 7. g4 h6 8. Bd2 dxc4 9. Bxc4 b5 10. Be2 Bb7 11. O-O-O Rc8 12. e4 b4 13. e5 bxc3 14. Bxc3 Nd5 15. exd6 c5 16. Rhe1 Nxc3 17. bxc3 O-O 18. g5 cxd4 19. Rxd4 Qa5 20. Ra4 Qc5 21. gxh6 g6 22. Nd4 e5 23. Bc4 Qxd6 24. Be6 Kh7 25. Bxd7 Qxd7 26. Rxe5 Rxc3 27. Qxc3 Qxa4 28. Rc5 Rg8 29. Ne6 Qe8 30. Ng5+ Kxh6 31. Re5 Qd7 32. Rc5 Rd8 33. Qh3+ Qxh3 34. Nxh3 Rc8 35. Rxc8 Bxc8 36. Ng1 Kg5 37. Kd2 Kf4 38. Kd3 Ba6+ 39. Kd4 Bf1 40. a4 g5 41. a5 g4 42. Kd5 a6 43. Kd4 Bg2 44. Kd3 Ke5 45. Kc4 Ke4 46. Kc3 Bf1 47. Kb4 Kd4 48. Kb3 Kd3 49. Kb4 Kd2 50. Kc5 Ke1 51. f3 g3 52. hxg3 Kf2 53. g4 Kxg1 54. f4 Kf2 55. f5 Bh3 56. Kb6 Bxg4 57. Kxa6 Bxf5 0-1

[Event "7th Uppsala Young Champions"]
[Site "Uppsala"]
[Date "2020.10.26"]
[Round "5.17"]
[White "Ostensson, Julia"]
[Black "Crevatin, Leo"]
[Result "1/2-1/2"]
[ECO "B04"]
[WhiteElo "1562"]
[BlackElo "2181"]
[Annotator "RC"]
[PlyCount "89"]
[EventDate "2020.10.23"]
[EventType "swiss"]
[EventCountry "SWE"]
[SourceTitle "playchess.com"]
[Source "ChessBase"]
[SourceQuality "1"]
[TimeControl "5400+30"]

1. e4 Nf6 2. e5 Nd5 3. c4 Nb6 4. d4 d6 5. exd6 cxd6 6. Nf3 g6 7. Nc3 Bg7 8. Be2 O-O 9. Be3 Nc6 10. d5 Ne5 11. Nxe5 dxe5 12. O-O f5 13. f3 Nd7 14. Rc1 Nf6 15. b4 Bd7 16. Qb3 f4 17. Bf2 g5 18. c5 Kh8 19. Rfd1 g4 20. b5 gxf3 21. Bxf3 Bg4 22. Bxg4 Nxg4 23. Ne4 Qe8 24. Rc3 Qg6 25. Qc2 f3 26. Bg3 fxg2 27. Qxg2 Bh6 28. h3 Nf6 29. Bxe5 Qh5 30. Bxf6+ Rxf6 31. Rdd3 Rg8 32. Rg3 Qd1+ 33. Kh2 Rxg3 34. Rxg3 Bf4 35. Nxf6 exf6 36. d6 h5 37. Qf2 Bxg3+ 38. Kxg3 Kg7 39. Qe3 Qd5 40. Qe7+ Kg6 41. Qe8+ Kg7 42. Qe7+ Kg6 43. Qe8+ Kg7 44. Qe7+ Kg6 45. Qe8+ 1/2-1/2

[Event "7th Uppsala Young Champions"]
[Site "Uppsala"]
[Date "2020.10.26"]
[Round "5.18"]
[White "Ostlund, Joar"]
[Black "Grahn, Vidar"]
[Result "1-0"]
[ECO "E94"]
[WhiteElo "2106"]
[BlackElo "1864"]
[Annotator "RC"]
[PlyCount "89"]
[EventDate "2020.10.23"]
[EventType "swiss"]
[EventCountry "SWE"]
[SourceTitle "playchess.com"]
[Source "ChessBase"]
[SourceQuality "1"]
[TimeControl "5400+30"]

1. d4 Nf6 2. c4 g6 3. Nc3 Bg7 4. e4 d6 5. Nf3 O-O 6. Be2 e5 7. O-O Nbd7 8. Be3 Ng4 9. Bg5 f6 10. Bh4 Nh6 11. Rc1 Nf7 12. b4 h5 13. Bg3 Bh6 14. Rc2 Bf4 15. Bxf4 exf4 16. Nh4 Kg7 17. Nd5 f5 18. Nxg6 Kxg6 19. Nxf4+ Kh6 20. Ne6 Qh4 21. exf5 Rg8 22. g3 Nf6 23. Qd2+ Rg5 24. Nxg5 Qxg5 25. Bd3 Qxd2 26. Rxd2 Ng5 27. Kg2 Nge4 28. Re2 Bxf5 29. Re3 d5 30. cxd5 Nxd5 31. Rxe4 Bxe4+ 32. Bxe4 Nxb4 33. a3 Na2 34. Ra1 Nc3 35. Bxb7 Rd8 36. Rc1 Nb5 37. a4 Nxd4 38. Rxc7 a5 39. Be4 Re8 40. Bd3 Rh8 41. h4 Nb3 42. Ra7 Nc5 43. Bc2 Ne6 44. Ra6 Re8 45. Bb3 1-0

[Event "7th Uppsala Young Champions"]
[Site "Uppsala"]
[Date "2020.10.26"]
[Round "5.20"]
[White "Buchert, Matthaus"]
[Black "Ruzic, Pia Marie"]
[Result "1-0"]
[ECO "C10"]
[WhiteElo "1427"]
[BlackElo "1929"]
[Annotator "RC"]
[PlyCount "109"]
[EventDate "2020.10.23"]
[EventType "swiss"]
[EventCountry "SWE"]
[SourceTitle "playchess.com"]
[Source "ChessBase"]
[SourceQuality "1"]
[TimeControl "5400+30"]

1. e4 e6 2. d4 d5 3. Nd2 dxe4 4. Nxe4 Nd7 5. Bd3 Ngf6 6. Qe2 Nxe4 7. Bxe4 c5 8. Nf3 cxd4 9. Bg5 Bb4+ 10. Bd2 Bxd2+ 11. Qxd2 Nc5 12. Bd3 O-O 13. O-O-O Nxd3+ 14. Qxd3 Qa5 15. Kb1 b6 16. Qxd4 Bb7 17. Ne5 Rac8 18. Qf4 f6 19. Nc4 Qc5 20. Ne3 Rc7 21. Rd2 Rfc8 22. Rhd1 Qe7 23. f3 b5 24. g4 a5 25. h4 a4 26. g5 fxg5 27. hxg5 Rf8 28. Qh2 Bxf3 29. Rf1 Rcc8 30. Rdf2 Bc6 31. g6 h6 32. Rf7 Qc5 33. Qf4 Rfd8 34. Ng4 Qf5 35. Rxf5 exf5 36. Ne3 Be4 37. Qe5 Rc6 38. Qxb5 f4 39. Rxf4 Bxc2+ 40. Ka1 Rxg6 41. Qf1 Bd3 42. Qc1 Rgd6 43. a3 Be2 44. Qc3 Rd3 45. Qc4+ Kh8 46. Qc5 Re8 47. Rf8+ Rxf8 48. Qxf8+ Kh7 49. Qf5+ Kh8 50. Qf8+ Kh7 51. Qf5+ Kh8 52. Qe4 Rb3 53. Nf5 Bb5 54. Qg4 g5 55. Qd4+ 1-0

[Event "7th Uppsala Young Champions"]
[Site "Uppsala"]
[Date "2020.10.26"]
[Round "6.1"]
[White "Sorensen, Hampus"]
[Black "Pantzar, Milton"]
[Result "1/2-1/2"]
[ECO "D30"]
[WhiteElo "2393"]
[BlackElo "2410"]
[Annotator "NA"]
[PlyCount "85"]
[EventDate "2020.10.23"]
[EventType "swiss"]
[EventCountry "SWE"]
[SourceTitle "playchess.com"]
[Source "ChessBase"]
[SourceQuality "1"]
[TimeControl "5400+30"]

1. d4 d5 2. c4 e6 3. Nf3 a6 4. Bg5 Be7 5. Bxe7 Qxe7 6. Nbd2 {[%emt 0:02:28] D30: Queen's Gambit Declined: Systems without Nc3.} Nf6 7. g3 O-O 8. Bg2 b6 9. O-O Bb7 10. Rc1 {[%emt 0:03:27] [#]} a5 $146 ({Predecessor:} 10... Rc8 11. Ne5 Nbd7 12. cxd5 Nxe5 13. dxe5 Nxd5 14. a3 Qe8 15. Qc2 Rab8 16. Rfd1 h6 {1-0 (56) Jumabayev,R (2633)-Dhulipalla,B (2419) Biel 2019}) 11. Ne5 Rd8 12. c5 bxc5 13. Rxc5 a4 14. Qc2 c6 15. Rc3 Nfd7 16. Nd3 Na6 17. b4 e5 18. dxe5 Nxe5 19. Nxe5 Qxe5 20. Nf3 Qf6 21. a3 Nc7 22. Rd1 Nb5 {[%emt 0:01:37] [#]} 23. Rcd3 $1 Re8 24. Nd4 Nxd4 25. Rxd4 Ba6 26. e3 g6 27. h4 Bc4 28. R1d2 h5 29. Qc3 Bb5 30. Kh2 Rab8 31. Qc2 Kg7 32. e4 (32. Qc1 $16) 32... dxe4 33. Bxe4 Re6 34. Bg2 $11 Rbe8 35. Rf4 Qa1 36. Rf3 Re2 37. Rxe2 Rxe2 38. Qc5 Qe5 39. Qa7 Qe7 40. Qd4+ Qe5 41. Qa7 Qe7 42. Qd4+ Qe5 43. Qa7 1/2-1/2

[Event "7th Uppsala Young Champions"]
[Site "Uppsala"]
[Date "2020.10.26"]
[Round "6.3"]
[White "Soderstrom, Adrian"]
[Black "Storme, Isak"]
[Result "1/2-1/2"]
[ECO "D86"]
[WhiteElo "2168"]
[BlackElo "2393"]
[Annotator "NA"]
[PlyCount "65"]
[EventDate "2020.10.23"]
[EventType "swiss"]
[EventCountry "SWE"]
[SourceTitle "playchess.com"]
[Source "ChessBase"]
[SourceQuality "1"]
[TimeControl "5400+30"]

1. d4 Nf6 2. c4 g6 3. Nc3 d5 4. cxd5 Nxd5 5. e4 Nxc3 6. bxc3 Bg7 7. Bc4 O-O 8. Ne2 Nc6 9. Be3 b6 10. h4 {[%emt 0:02:59] [#] D86: Exchange Grünfeld: Classical Line (7 Bc4).} h5 $146 ({Predecessor:} 10... e5 11. Bd5 Bb7 12. h5 Na5 13. Bxb7 Nxb7 14. hxg6 hxg6 15. Qc1 Re8 16. Bh6 Bf6 17. d5 c6 {½-½ (39) Tarlabasi,E (2117)-Unat,C (2047) Ankara 2018}) 11. e5 Na5 12. Bd3 $1 c5 13. Nf4 cxd4 14. cxd4 Bg4 15. f3 Bd7 16. g4 hxg4 17. h5 Bc6 18. hxg6 fxg6 19. Bxg6 Rxf4 20. Bh7+ Kf8 21. Bxf4 Bxf3 22. Qd3 e6 $2 ({Weaker is} 22... Bxh1 23. Qf5+ {[%mdl 64] Double Attack} Bf6 24. Bh6+ Kf7 25. e6+ Ke8 26. Qh5#) (22... Qd5) 23. O-O Nc6 24. Rad1 $2 ({Better is} 24. Qa3+ $18 Kf7 25. Rxf3 gxf3 26. Qxf3 Nxd4 27. Qb7+ Kf8 28. Rf1 (28. Bg6 Kg8 $18)) 24... Qh4 25. Bh2 Qh3 26. Rd2 (26. Rf2 $1 $11 Rd8 27. Qa3+ Kf7 28. Be4 Nxe5 29. Rdf1 (29. Qxa7+ Kg8 $11)) 26... Rd8 27. Be4 (27. Rdf2 $15 Nxe5 {[%mdl 64] Pin} 28. Qa3+ (28. Bxe5 $2 {gets mated.} Qh1#) 28... Ke8 29. dxe5 Qxh7 30. Qa4+ Rd7 31. Rc1) 27... Nxd4 ({Not} 27... Rxd4 28. Bxf3 Rxd3 29. Rxd3 $16) 28. Bxf3 $1 gxf3 29. Qe4 $17 (29. Rdf2 $142 Kg8 30. Kh1 Bxe5 31. Re1) 29... Kg8 30. Rff2 Bf8 31. Qg6+ Bg7 32. Qe4 Bf8 33. Qg6+ 1/2-1/2

[Event "7th Uppsala Young Champions"]
[Site "Uppsala"]
[Date "2020.10.26"]
[Round "6.4"]
[White "Stefansson, Vignir Vatnar"]
[Black "Wernberg, Hugo"]
[Result "1-0"]
[ECO "D31"]
[WhiteElo "2313"]
[BlackElo "2211"]
[Annotator "ChessBase"]
[PlyCount "173"]
[EventDate "2020.10.23"]
[EventType "swiss"]
[EventCountry "SWE"]
[SourceTitle "playchess.com"]
[Source "ChessBase"]
[SourceQuality "1"]
[TimeControl "5400+30"]

1. d4 d5 2. c4 c6 3. Nc3 Nf6 4. e3 e6 5. Rb1 Be7 6. Nf3 O-O 7. Bd2 b6 8. b4 Ba6 9. b5 Bb7 10. bxc6 Nxc6 11. c5 Nd7 12. Na4 Qc7 13. cxb6 axb6 14. Nc3 Nb4 15. Rc1 Qb8 16. a4 Rc8 17. Be2 e5 18. dxe5 Nxe5 19. O-O Nc4 20. Nxd5 Bxd5 21. Bxb4 Bxf3 22. Bxf3 Bxb4 23. Bxa8 Qxa8 24. Qb3 Nd2 25. Qxb4 Nxf1 26. Rxc8+ Qxc8 27. Kxf1 h5 28. g3 g6 29. Kg2 Qc6+ 30. e4 Qc2 31. Qd4 Qb3 32. h3 Qe6 33. Qd5 Qe8 34. Qc4 Qd7 35. e5 Qb7+ 36. Kh2 Qf3 37. Qd4 Qb3 38. Kg2 Qc2 39. Qd8+ Kg7 40. Qd4 Kg8 41. Kg1 Qc1+ 42. Kh2 Qc6 43. Kg1 Qc1+ 44. Kg2 Qc6+ 45. Kh2 Kh7 46. Qf4 Kg8 47. g4 hxg4 48. hxg4 Qd5 49. Kg3 Qd3+ 50. f3 Qb3 51. Qe4 Kg7 52. Qd4 Kh7 53. Kf4 Qe6 54. Kg3 Qb3 55. Qe4 Kg7 56. Qc6 Kg8 57. Kh4 Qe3 58. Qf6 Qh6+ 59. Kg3 Qe3 60. Qf4 Qe1+ 61. Kg2 Qe2+ 62. Kh3 Qe1 63. Qd4 Qh1+ 64. Kg3 Qe1+ 65. Kf4 Qc1+ 66. Ke4 Qc6+ 67. Ke3 Kh7 68. Qe4 Qe6 69. Kd4 Qb3 70. Qc6 Qd1+ 71. Kc4 Qf1+ 72. Kd4 Qd1+ 73. Ke3 Qg1+ 74. Ke4 Qb1+ 75. Kf4 Qa2 76. Kg5 Kg7 77. Qf6+ Kh7 78. f4 Qb3 79. e6 Qd5+ 80. Qe5 Qd8+ 81. e7 Qe8 82. Kf6 Qc6+ 83. Kxf7 Qc4+ 84. Kf6 Qc6+ 85. Kg5 Qe8 86. Qf6 b5 87. Qf8 1-0

[Event "7th Uppsala Young Champions"]
[Site "Uppsala"]
[Date "2020.10.26"]
[Round "6.5"]
[White "Muetsch, Annmarie"]
[Black "Blohberger, Felix"]
[Result "0-1"]
[ECO "B15"]
[WhiteElo "2226"]
[BlackElo "2467"]
[Annotator "ChessBase"]
[PlyCount "68"]
[EventDate "2020.10.23"]
[EventType "swiss"]
[EventCountry "SWE"]
[SourceTitle "playchess.com"]
[Source "ChessBase"]
[SourceQuality "1"]
[TimeControl "5400+30"]

1. e4 c6 2. Nc3 d5 3. Nf3 g6 4. d4 Bg7 5. h3 dxe4 6. Nxe4 Nf6 7. Nxf6+ exf6 8. Bc4 O-O 9. O-O a5 10. a4 Na6 11. Bf4 Nc7 12. Qd2 Nd5 13. Bh6 Be6 14. Bb3 Qb6 15. Rfe1 Rfd8 16. Rad1 Nc7 17. Bxg7 Kxg7 18. Bxe6 Nxe6 19. c3 Qb3 20. Nh2 h5 21. f4 Rd5 22. Nf3 Rad8 23. Nh4 f5 24. Nf3 c5 25. Rxe6 fxe6 26. Re1 cxd4 27. cxd4 R8d6 28. Qf2 Qxa4 29. Qh4 Qe8 30. Re3 Rxd4 31. Rc3 Qd8 32. Qg3 Rd3 33. Rxd3 Rxd3 34. Qf2 Qd6 0-1

[Event "7th Uppsala Young Champions"]
[Site "Uppsala"]
[Date "2020.10.26"]
[Round "6.6"]
[White "Seo, Jung Min"]
[Black "Trost, Edvin"]
[Result "1-0"]
[ECO "C77"]
[WhiteElo "2455"]
[BlackElo "2202"]
[Annotator "ChessBase"]
[PlyCount "111"]
[EventDate "2020.10.23"]
[EventType "swiss"]
[EventCountry "SWE"]
[SourceTitle "playchess.com"]
[Source "ChessBase"]
[SourceQuality "1"]
[TimeControl "5400+30"]

1. e4 e5 2. Nf3 Nc6 3. Bb5 a6 4. Ba4 Nf6 5. O-O Be7 6. d3 b5 7. Bb3 O-O 8. Nc3 d6 9. a3 Be6 10. Nd5 Nd4 11. Nxd4 exd4 12. Nxf6+ Bxf6 13. Bxe6 fxe6 14. f4 c5 15. Qg4 Qd7 16. Bd2 Rae8 17. Rae1 Rf7 18. h4 d5 19. h5 dxe4 20. Rxe4 Qd5 21. Rfe1 Rfe7 22. b3 Kf7 23. Qh3 e5 24. f5 h6 25. Qg4 Kf8 26. Rf1 Rd7 27. Rfe1 Qf7 28. Bf4 Rde7 29. Bd2 Rd7 30. Qg6 Rde7 31. Kh2 Rc7 32. g3 Kg8 33. Kh3 Kf8 34. Ba5 Rb7 35. c3 dxc3 36. Bxc3 Rbe7 37. b4 Qb3 38. Bd2 Qxd3 39. Bxh6 Rf7 40. Be3 c4 41. h6 Rc8 42. h7 Ke7 43. Bc5+ Rxc5 44. h8=Q Rd5 45. Rxe5+ Rxe5 46. Rxe5+ Kd6 47. Re1 Rd7 48. Qb8+ Kd5 49. Qbe8 Rd6 50. Qg4 Be5 51. Qxe5+ Kc6 52. Qc5+ Kb7 53. Re7+ Rd7 54. Rxd7+ Qxd7 55. Qe4+ Kb8 56. Qe6 1-0

[Event "7th Uppsala Young Champions"]
[Site "Uppsala"]
[Date "2020.10.26"]
[Round "6.8"]
[White "Frank, Adam"]
[Black "Heimisson, Hilmir Freyr"]
[Result "0-1"]
[ECO "B67"]
[WhiteElo "2129"]
[BlackElo "2352"]
[Annotator "ChessBase"]
[PlyCount "132"]
[EventDate "2020.10.23"]
[EventType "swiss"]
[EventCountry "SWE"]
[SourceTitle "playchess.com"]
[Source "ChessBase"]
[SourceQuality "1"]
[TimeControl "5400+30"]

1. e4 c5 2. Nf3 Nc6 3. d4 cxd4 4. Nxd4 Nf6 5. Nc3 d6 6. Bg5 e6 7. Qd2 a6 8. O-O-O Bd7 9. f3 Be7 10. Kb1 b5 11. Nxc6 Bxc6 12. h4 h6 13. Be3 h5 14. Qf2 Qc7 15. Qg3 b4 16. Ne2 a5 17. Nd4 Rb8 18. Bd3 a4 19. Rhe1 a3 20. b3 O-O 21. Bc4 Bd7 22. Bh6 Ne8 23. Bc1 Bf6 24. Bg5 Qc5 25. Be3 Qc8 26. Ne2 Bb5 27. Bxb5 Rxb5 28. Bd4 Bxd4 29. Rxd4 Rc5 30. Rc1 Qa6 31. Qe1 Nf6 32. Rxb4 d5 33. e5 Nd7 34. Ra4 Qb7 35. Nd4 Rc4 36. Rxc4 dxc4 37. Qa5 Ra8 38. Qb5 Nb6 39. Qc6 Qa7 40. Qd6 Nd5 41. Nb5 Qa5 42. Qxa3 Qxa3 43. Nxa3 Rxa3 44. Kb2 Ra5 45. bxc4 Ne3 46. Kb3 Rxe5 47. Kb4 Kf8 48. c5 Ke7 49. c4 Kd7 50. Kb5 Kc7 51. Rc3 Nf5 52. Rd3 Re2 53. c6 Re5+ 54. c5 Rd5 55. Ra3 Nd4+ 56. Kc4 Nxc6 57. Ra8 Rd4+ 58. Kc3 Rxh4 59. g3 Rd4 60. a4 Rd5 61. Kc4 Kb7 62. Rf8 Rf5 63. Kb5 Rxf3 64. a5 Na7+ 65. Kc4 h4 66. Re8 hxg3 0-1